 Dungeon Crawl Stone Soup version 0.30.1-11-g7821555f0a (webtiles) character file.

Game seed: 1281085296024670353

14182 AberrantSnake the Destroyer (level 12, -21/59 HPs)
             Began as a Tengu Conjurer on Jan 8, 2024.
             Was a High Priest of Cheibriados.
             Engulfed by a cloud of flame (42 damage)
             ... in a volcano.
             The game lasted 01:09:26 (10465 turns).

AberrantSnake the Destroyer (Tengu Conjurer)       Turns: 10465, Time: 01:09:26

Health: -21/59     AC: 15    Str: 25    XL:     12   Next: 13%
Magic:  16/22      EV: 27    Int: 38    God:    Cheibriados [*****.]
Gold:   538        SH: 14    Dex: 31    Spells: 6/23 levels left

rFire   . . .        n - staff of air
rCold   . . .        T - -2 kite shield "Goaprunu" {Str+5}
rNeg    . . .        L - +2 acid dragon scales
rPois   .            (helmet restricted)
rElec   +            G - +0 cloak
rCorr   +            Y - +0 pair of gloves
SInv    .            (boots unavailable)
Will    +....        J - amulet of magic regeneration
Stlth   +++          o - +6 ring of dexterity
HPRegen 0.29/turn    y - +4 ring of protection
MPRegen 0.58/turn

%: no passive effects
@: flying quickly and evasively, very slow
A: beak, talons 3, nimble flight, large bone plates 1, strong-willed 1
a: Renounce Religion, Bend Time, Temporal Distortion, Slouch, Step From Time


You were in a volcano.
You worshipped Cheibriados.
Cheibriados was extremely pleased with you.
You visited 3 branches of the dungeon, and saw 11 of its levels.
You also visited: Bailey and Volcano.

You collected 538 gold pieces.

Inventory:

Hand Weapons
 h - a +4 whip
 A - a +7 flail of holy wrath
 F - a +2 quarterstaff of chaos
 N - a +4 dire flail
Missiles
 r - a throwing net
 B - a curare-tipped dart
 I - 2 boomerangs of dispersal
 U - 5 poisoned darts
Armour
 a - a +0 robe of positive energy
 j - a +0 scale mail of cold resistance
 t - a +2 helmet
 v - the +0 crystal plate armour of Lifelessness {Dex+3}
   (You found it in a bailey)

   Dex:       It affects your dexterity (+3).
 D - a +2 robe of cold resistance
 G - a +0 cloak (worn)
 K - the +3 kite shield of Contentment {rF+ rN++ Int-3}
   (You found it on level 6 of the Dungeon)

   Int:       It affects your intelligence (-3).
   rF:        It protects you from fire.
   rN:        It greatly protects you from negative energy.
 L - +2 acid dragon scales (worn)
 P - a +2 ring mail of poison resistance
 T - the -2 kite shield "Goaprunu" (worn) {Str+5}
   (You found it in a bailey)

   Str:       It affects your strength (+5).
 W - +0 acid dragon scales
 Y - a +0 pair of gloves (worn)
 Z - a +7 chain mail of ponderousness
Magical Staves
 n - a staff of air (weapon)
Jewellery
 o - a +6 ring of dexterity (left hand)
 y - a +4 ring of protection (right hand)
 J - an amulet of magic regeneration (around neck)
 V - a ring of willpower
Wands
 C - a wand of flame (72)
 R - a wand of paralysis (10)
Scrolls
 c - a scroll of immolation {unknown}
 e - a scroll of noise
 f - a scroll of teleportation
 q - 4 scrolls of fear
 x - a scroll of fog
 M - a scroll of enchant weapon
 X - a scroll of summoning
Potions
 d - 3 potions of curing
 g - 2 potions of haste
 i - 2 potions of lignification
 k - a potion of cancellation
 p - 2 potions of brilliance
 z - a potion of flight
 O - a potion of berserk rage {unknown}
 Q - a potion of might {unknown}
Miscellaneous
 l - a piece from Xom's chessboard (15/15)


   Skills:
 - Level 4.0 Armour
 + Level 11.4 Dodging
 - Level 2.0 Stealth
 - Level 4.0 Shields
 - Level 6.0 Spellcasting
 * Level 13.5 Conjurations
 * Level 13.3 Air Magic


You had 6 spell levels left.
You knew the following spells:

 Your Spells              Type           Power      Damage    Failure   Level
a - Static Discharge      Conj/Air       100%       2-7/arc   1%          2
b - Searing Ray           Conj           100%       2d8       1%          2
c - Airstrike             Air            53%        2d(8-24)  1%          4
d - Freezing Cloud        Conj/Ice/Air   43%        6-21      5%          5
e - Summon Lightning Spi  Summ/Air       75%        N/A       4%          4

Your spell library contained the following spells:

 Spells                   Type           Power      Damage    Failure   Level
 Magic Dart               Conj           100%       1d8       1%          1
 Cigotuvi's Dreadful Rot  Necr/Pois/Air  100%       N/A       1%          2
 Dazzling Flash           Conj/Hex       100%       N/A       1%          3
 Fulminant Prism          Conj/Hex       29%        3d14      4%          4
 Iskenderun's Mystic Bla  Conj/Tloc      58%        2d12      4%          4
 Ensorcelled Hibernation  Hex/Ice        22%        N/A       12%         2
 Ignite Poison            Fire/Tmut/Pois 11%        N/A       22%         3
 Spider Form              Tmut/Pois      11%        N/A       22%         3
 Anguish                  Hex/Necr       5%         N/A       58%         4
 Cause Fear               Hex            5%         N/A       58%         4
 Passage of Golubria      Tloc           11%        N/A       58%         4
 Summon Forest            Summ/Tloc      5%         N/A       91%         5
 Summon Mana Viper        Hex/Summ       11%        N/A       91%         5
 Summon Cactus Giant      Summ           5%         N/A       100%        6
 Enfeeble                 Hex            5%         N/A       100%        7
 Malign Gateway           Summ/Tloc      5%         N/A       100%        7


Dungeon Overview and Level Annotations

Branches:
Dungeon (8/15)             Temple (1/1) D:4            Lair (2/5) D:8
 Bailey (visited)         Volcano (1/1)
  Swamp: Lair:2-3    Shoals: Lair:2-3     Snake: Lair:2-3    Spider: Lair:2-3

Altars:
Ashenzari
Cheibriados
Dithmenos
Elyvilon
Fedhas
Gozag
Hepliaklqana
Kikubaaqudgha
Makhleb
Nemelex Xobeh
Qazlal
Ru
Sif Muna
Trog
Uskayaw
Vehumet
Wu Jian
Xom
Yredelemnul
The Shining One


Innate Abilities, Weirdness & Mutations

You have a beak for a mouth.
You have claws for feet.
Your magical nature lets you fly swiftly and evasively.
You are partially covered in large bone plates. (SH +4)
You are strong-willed. (Will+)


Message History

The lava snake spits lava at you. You block the glob of lava.
Okay, then.
You are too injured to fight recklessly!
Unknown command.
Casting: Airstrike (safe; 1% risk of failure)
Confirm with . or Enter, or press ? or * to list all spells.
You can't see any susceptible monsters within range! (Use Z to cast anyway.) Unknown command.
Casting: Airstrike (safe; 1% risk of failure)
Confirm with . or Enter, or press ? or * to list all spells.
Aiming: Airstrike (safe; 1% risk of failure)
Press: ? - help, Dir - move target, f - lava snake
Aim: a lava snake (black smoke, lava, catching its breath, empty space bonus: 7/8)
You feel a surge of power!
The air twists around and strikes the lava snake!!
You kill the lava snake!
Cheibriados thoroughly appreciates the change of pace.
Casting: Airstrike (safe; 1% risk of failure)
Confirm with . or Enter, or press ? or * to list all spells.
Aiming: Airstrike (safe; 1% risk of failure)
Press: ? - help, Dir - move target, f - lava snake
Aim: a lava snake (black smoke, lava, empty space bonus: 8/8)
You feel a surge of power!
The air twists around and strikes the lava snake!
The lava snake is almost dead.
The lava snake spits lava at you. The glob of lava misses you.
Casting: Airstrike (safe; 1% risk of failure)
Confirm with . or Enter, or press ? or * to list all spells.
Aiming: Airstrike (safe; 1% risk of failure)
Press: ? - help, Dir - move target, f/p - lava snake
Aim: a lava snake (black smoke, lava, almost dead, catching its breath, empty space bonus: 8/8)
You feel a surge of power!
The air twists around and strikes the lava snake!!
You kill the lava snake!
Cheibriados appreciates the change of pace.
You are engulfed in blazing flames.
Ouch! That really hurt!
You die...

............#
..§.........#####
......§.........####
§≈≈≈≈.§..☼..○○☼○..☼#
§≈≈≈≈≈...☼○○☼☼☼○☼○###
§≈§§§≈≈≈.☼☼○○☼§☼○○○°##
§≈≈§§≈§≈.☼○○○§§○☼☼○☼☼#
§§§§§§§≈≈☼☼○☼☼☼☼☼☼○###
§§≈§§≈§☼☼○○☼○☼@☼○○○#
§≈≈§§§°○○○☼○○○○○☼##
§≈≈§§○§☼☼☼☼○☼○☼##
≈§§§☼○○☼§○○☼○☼○☼
≈○○§§☼○○°○○☼☼#
§☼.§○☼☼☼☼☼###
☼.○☼§§○○☼○☼
§○§☼§☼☼○☼##


There were no monsters in sight!

Vanquished Creatures
  A boulder beetle (Lair:1)
  A death yak (Lair:1)
  Nergalle (Lair:1)
  An orc knight (Bailey)
  Pikel (D:6)
  A cyclops (D:8)
  A torpor snail (Lair:1)
  5 elephants
  A cane toad (Lair:1)
  Maggie (D:6)
  2 komodo dragons (Lair:1)
  Grinder (D:4)
  A shadow (D:7)
  2 fire bats (Volcano)
  2 wyverns (D:8)
  3 yaks (Lair:1)
  A basilisk (D:8)
  Grum (Lair:1)
  3 steam dragons
  Duvessa (D:5)
  An acid dragon (D:8)
  Edmund (D:4)
  4 water moccasins
  2 sky beasts
  7 orc warriors
  2 ice beasts
  5 black bears
  2 wolves (Lair:1)
  An ogre (D:6)
  A phantom (D:5)
  A centaur (D:5)
  A kobold brigand (D:4)
  4 bullfrogs
  Blork the orc (D:6)
  4 scorpions
  Dowan (D:5)
  12 wights
  5 killer bees (D:8)
  2 electric eels (Lair:1)
  3 howler monkeys
  4 lava snakes (Volcano)
  5 hounds
  2 jellies
  2 orc priests (D:6)
  2 gnoll boudas
  Crazy Yiuf (D:5)
  Natasha (thrice) (D:2)
  5 iguanas
  5 hell rats (Lair:1)
  4 orc wizards
  Robin (D:2)
  14 gnolls
  8 adders
  3 white imps
  An ufetubus (D:6)
  2 worms
  3 dart slugs
  49 orcs
  5 bats
  8 endoplasms
  2 giant cockroaches
  13 goblins
  11 hobgoblins
  4 jackals (D:1)
  11 kobolds
  4 quokkas
  10 ball pythons
  7 frilled lizards
  4 rats
284 creatures vanquished.

Vanquished Creatures (collateral kills)
  A death yak (Lair:1)
1 creature vanquished.

Vanquished Creatures (others)
  A howler monkey (D:8)
1 creature vanquished.

Grand Total: 286 creatures vanquished

Notes
Turn   | Place    | Note
-------+----------+-------------------------------------------
     0 | D:1      | AberrantSnake the Tengu Conjurer began the quest for the
                  | Orb.
     0 | D:1      | Reached XP level 1. HP: 10/10 MP: 4/4
   134 | D:1      | Reached XP level 2. HP: 12/15 MP: 0/6
   509 | D:1      | Learned a level 2 spell: Searing Ray
   542 | D:1      | Reached XP level 3. HP: 19/19 MP: 4/7
  1284 | D:2      | Reached XP level 4. HP: 24/24 MP: 1/8
  1535 | D:2      | Noticed Robin
  1554 | D:2      | Killed Robin
  1606 | D:2      | Gained mutation: Your magical nature lets you fly swiftly
                  | and evasively. [Tengu growth]
  1606 | D:2      | Reached XP level 5. HP: 24/26 MP: 3/9
  1769 | D:2      | Got the Enchiridion on Refrigeration and Transportation
  1781 | D:2      | Noticed Natasha
  1787 | D:2      | Killed Natasha
  1840 | D:2      | Noticed Natasha
  1858 | D:2      | Killed Natasha
  1881 | D:2      | Noticed Natasha
  1891 | D:2      | Killed Natasha
  2430 | D:3      | Found an ancient bone altar of Kikubaaqudgha.
  2430 | D:3      | Found a snail-covered altar of Cheibriados.
  2482 | D:3      | Became a worshipper of Cheibriados the Contemplative
  2569 | D:3      | Reached XP level 6. HP: 32/32 MP: 3/10
  2639 | D:3      | Found a faded altar of an unknown god.
  3187 | D:4      | Found a staircase to the Ecumenical Temple.
  3202 | Temple   | Entered the Ecumenical Temple
  3428 | D:4      | Reached * piety under Cheibriados
  3747 | D:4      | Noticed Grinder
  3760 | D:4      | Killed Grinder
  3761 | D:4      | Reached skill level 10 in Conjurations
  3761 | D:4      | Reached XP level 7. HP: 30/36 MP: 0/11
  4014 | D:4      | Noticed Edmund
  4024 | D:4      | Killed Edmund
  4411 | D:5      | Entered Level 5 of the Dungeon
  4566 | D:5      | Reached skill level 1 in Air Magic
  4566 | D:5      | Reached XP level 8. HP: 41/41 MP: 5/12
  4759 | D:5      | Reached skill level 1 in Armour
  4807 | D:5      | Noticed Dowan
  4810 | D:5      | Noticed Duvessa
  4823 | D:5      | Killed Dowan
  4830 | D:5      | HP: 2/41 [Duvessa/+0 short sword (13)]
  4833 | D:5      | Killed Duvessa
  4980 | D:5      | Reached ** piety under Cheibriados
  5097 | D:5      | Found a runed translucent door.
  5098 | D:5      | Noticed Crazy Yiuf
  5178 | D:5      | Killed Crazy Yiuf
  5475 | D:5      | Reached XP level 9. HP: 45/45 MP: 8/16
  5890 | D:6      | Noticed Maggie
  5902 | D:6      | Killed Maggie
  5903 | D:6      | Reached skill level 5 in Spellcasting
  5903 | D:6      | Reached skill level 5 in Air Magic
  5963 | D:6      | Noticed Blork the orc
  5968 | D:6      | Killed Blork the orc
  5974 | D:6      | Reached skill level 5 in Dodging
  6052 | D:6      | Learned a level 4 spell: Airstrike
  6062 | D:6      | Learned a level 2 spell: Static Discharge
  6079 | D:6      | Reached *** piety under Cheibriados
  6195 | D:6      | Noticed Pikel
  6197 | D:6      | Killed Pikel
  6434 | D:6      | Reached XP level 10. HP: 50/50 MP: 12/20
  6451 | D:6      | Identified the +3 kite shield of Contentment {rF+ rN++
                  | Int-3}
  7012 | D:7      | Reached **** piety under Cheibriados
  7430 | D:8      | Found a flagged portal.
  7442 | Bailey   | Entered a bailey
  7549 | Bailey   | Learned a level 5 spell: Freezing Cloud
  7586 | Bailey   | Identified the +0 crystal plate armour of Lifelessness
                  | {Dex+3}
  7589 | Bailey   | Identified the -2 kite shield "Goaprunu" {Str+5}
  7603 | Bailey   | Noticed an orc knight
  7613 | Bailey   | Killed an orc knight
  7614 | Bailey   | Reached skill level 1 in Shields
  7756 | Bailey   | Reached ***** piety under Cheibriados
  7912 | D:8      | Noticed a cyclops
  7921 | D:8      | Killed a cyclops
  7922 | D:8      | Reached skill level 10 in Air Magic
  8061 | D:8      | Reached XP level 11. HP: 54/54 MP: 18/21
  8605 | D:8      | Found a staircase to the Lair.
  8740 | Lair:1   | Entered Level 1 of the Lair of Beasts
  8740 | Lair:1   | Noticed Grum
  8744 | Lair:1   | Killed Grum
  8925 | Lair:1   | Noticed a death yak
  8925 | Lair:1   | Noticed a death yak
  8932 | Lair:1   | Learned a level 4 spell: Summon Lightning Spire
  8938 | Lair:1   | Killed a death yak
  8939 | Lair:1   | Reached skill level 10 in Dodging
  8941 | Lair:1   | Killed a death yak
  9401 | Lair:1   | Noticed a boulder beetle
  9408 | Lair:1   | Killed a boulder beetle
  9542 | Lair:1   | Noticed Nergalle
  9545 | Lair:1   | Killed Nergalle
  9745 | Lair:1   | Gained mutation: You are agile. (Dex +4, Str/Int -1)
                  | [potion of mutation]
  9745 | Lair:1   | Gained mutation: Your system is resistant to poisons.
                  | (rPois) [potion of mutation]
  9746 | Lair:1   | Lost mutation: Your system is resistant to poisons. (rPois)
                  | [potion of mutation]
  9746 | Lair:1   | Lost mutation: You are agile. (Dex +4, Str/Int -1) [potion
                  | of mutation]
  9746 | Lair:1   | Gained mutation: You are agile. (Dex +4, Str/Int -1)
                  | [potion of mutation]
  9746 | Lair:1   | Gained mutation: You sometimes lose your temper in combat.
                  | [potion of mutation]
  9746 | Lair:1   | Gained mutation: You have an increased reservoir of magic.
                  | (+10% MP) [potion of mutation]
  9747 | Lair:1   | Lost mutation: You are agile. (Dex +4, Str/Int -1) [potion
                  | of mutation]
  9747 | Lair:1   | Lost mutation: You sometimes lose your temper in combat.
                  | [potion of mutation]
  9747 | Lair:1   | Lost mutation: You have an increased reservoir of magic.
                  | (+10% MP) [potion of mutation]
  9747 | Lair:1   | Gained mutation: You are resistant to electric shocks.
                  | (rElec) [potion of mutation]
  9748 | Lair:1   | Lost mutation: You are resistant to electric shocks.
                  | (rElec) [potion of mutation]
  9748 | Lair:1   | Gained mutation: You are agile. (Dex +4, Str/Int -1)
                  | [potion of mutation]
  9748 | Lair:1   | Gained mutation: You are strong-willed. (Will+) [potion of
                  | mutation]
  9749 | Lair:1   | Lost mutation: You are strong-willed. (Will+) [potion of
                  | mutation]
  9749 | Lair:1   | Lost mutation: You are agile. (Dex +4, Str/Int -1) [potion
                  | of mutation]
  9749 | Lair:1   | Gained mutation: You are strong-willed. (Will+) [potion of
                  | mutation]
  9749 | Lair:1   | Gained mutation: You are partially covered in large bone
                  | plates. (SH +4) [potion of mutation]
 10111 | Lair:2   | Found a dark tunnel.
 10144 | Lair:2   | Reached XP level 12. HP: 36/59 MP: 19/22
 10216 | Volcano  | Entered a volcano
 10465 | Volcano  | Engulfed by a cloud of flame

Illustrated notes

Levels and vault maps discovered:
D:1:      eino_arrival_water_star, layout_rooms
D:2:      layout_basic, minmay_pentomino_x4, uniq_robin, uniq_natasha
D:3:      layout_basic, jmf_multi_god_temple,
          hellmonk_ecumenical_altar_arch_garden, serial_glass, glass_columns_b,
          glass_columns_a, glass_columns_a, glass_columns_a, glass_columns_a,
          glass_columns_c
D:4:      minmay_chambers_of_fours, layout_basic, minmay_temple_entry_trees,
          minmay_misc_feat_cross, st_stairs_8, uniq_grinder, uniq_edmund
D:5:      layout_rooms, uniq_duvessa, uniq_crazy_yiuf_cottage
D:6:      layout_basic, chequers_serial_rivers_room_b, lightli_orcish_oven,
          uniq_maggie, uniq_blork_the_orc, uniq_pikel
D:7:      layout_cave_pools, grunt_decor_cap
D:8:      wander_river, layout_basic, david_lair_generic, enter_bailey_2
Temple:   eino_narrow_crystal_temple
Lair:1:   layout_cave_pods, minmay_stone_trees_small, serial_bayou_ford_a,
          uniq_grum, uniq_nergalle
Lair:2:   dreamdust_isle_of_ice, layout_long_grid, enter_volcano_1
Volcano:  volcano_lake [vl_original]

Skill      XL: |  1  2  3  4  5  6  7  8  9 10 11 12 |
---------------+-------------------------------------+-----
Conjurations   | 6 7 8 9 10 12 13 | 13.5
Air Magic      | 1 4 6 10 12 13 | 13.3
Armour         | 3 4 |  4.0
Dodging        | 4 6 9 11 | 11.4
Spellcasting   | 4 6 |  6.0
Shields        | 2 4 |  4.0
Stealth        | |  2.0

Action                     |  1- 3 |  4- 6 |  7- 9 | 10-12 || total
---------------------------+-------+-------+-------+-------++-------
  Melee: Unarmed           |    19 |       |       |       ||    19
         Kick              |     4 |    12 |     9 |    59 ||    84
         Peck              |     3 |     4 |     7 |    26 ||    40
         Whip              |       |    34 |       |       ||    34
         Flail             |       |       |    35 |     6 ||    41
         Staff             |       |       |       |   118 ||   118
   Cast: Magic Dart        |    71 |    83 |    55 |       ||   209
         Searing Ray       |     1 |     8 |    35 |    19 ||    63
         Airstrike         |       |       |    16 |   139 ||   155
         Static Discharge  |       |       |       |    12 ||    12
         Summon Lightning  |       |       |       |     1 ||     1
 Invoke: Bend Time         |       |       |       |     3 ||     3
    Use: Scroll            |       |     4 |     7 |     9 ||    20
         Potion            |       |       |     2 |    14 ||    16
   Stab: Sleeping          |       |       |     2 |     1 ||     3
         Distracted        |       |       |       |     1 ||     1
 Armour: Robe              |     2 |     3 |       |       ||     5
         Animal skin       |       |     2 |       |       ||     2
         Leather armour    |       |     2 |    10 |       ||    12
         Acid dragon scale |       |       |     2 |    41 ||    43
         Skin              |       |       |       |    14 ||    14
  Dodge: Dodged            |    21 |    35 |    55 |   240 ||   351
  Block: Kite shield       |       |       |       |   121 ||   121
